HSSL
MADAWASKA VALLEY HS WOLVES @ FRESNO HS RED WINGS
05/10/2028
 
TOP OF THE 1ST
Madawaska Valley HS Wolves batting - Pitching for Fresno HS Red Wings : LHP José Schneider
Pitching: LHP José Schneider
Batting: RHB Bob Colbert 0-0: Ball
1-0: Ball
2-0: Foul Ball, location: 2F
2-1: Ball
3-1: Ground out 4-3 (Groundball, 4)
Batting: SHB Jason Dundee 0-0: Ball
1-0: Called Strike
1-1: Swinging Strike
1-2: Foul Ball, location: 2F
1-2: Ball
2-2: SINGLE (Line Drive, 4D)
Batting: LHB Carl Childs 0-0: Ball
1-0: Foul Ball, location: 2F
1-1: SINGLE (Line Drive, 9S)
Jason Dundee to second
Runner from 2nd tries for 3rd, SAFE, throw made to third
Batting: LHB Ricardo Carrillo 0-0: Called Strike
0-1: Swinging Strike
0-2: Fly out, F7 (Flyball, 78M)
Batting: LHB Marvin Martin 0-0: Ball
1-0: Ball
2-0: SINGLE (Flyball, 7LM)
Jason Dundee scores
Carl Childs to second
Batting: RHB Alberto Flores 0-0: Fielders Choice at 2nd, 4-6 (Groundball, 4)
Top of the 1st over - 1 run(s), 3 hit(s), 0 error(s), 1 left on base; Madawaska Valley HS 1 - Fresno HS 0
BOTTOM OF THE 1ST
Fresno HS Red Wings batting - Pitching for Madawaska Valley HS Wolves : RHP Jeff Pollard
Pitching: RHP Jeff Pollard
Batting: RHB Adrián Velásquez 0-0: Ball
1-0: Foul Ball, location: 2F
1-1: Foul Ball, location: 2F
1-2: Foul Ball, location: 2F
1-2: SINGLE (Groundball, 6MD)
Batting: RHB Harry Payne 0-0: Ball
1-0: Swinging Strike
1-1: Foul Ball, location: 2F
1-2: Foul Ball, location: 2F
1-2: Ball
2-2: Foul Ball, location: 2F
2-2: Fly out, F4 (Popup, 34D)
Batting: RHB Thomas English 0-0: Ball
Pickoff Throw to First - Error! E1
Adrián Velásquez to second
1-0: Ball
2-0: Called Strike
2-1: Foul Ball, location: 2F
2-2: Ball
3-2: DOUBLE (Line Drive, 78M)
Adrián Velásquez scores
Batting: SHB Xavier Stout 0-0: Called Strike
Thomas English is caught stealing 3rd base
0-1: Foul Ball, location: 2F
0-2: Foul Ball, location: 2F
0-2: Foul Ball, location: 2F
0-2: Ball
1-2: Foul Ball, location: 2F
1-2: SOLO HOME RUN (Flyball, 9D), Distance : 358 ft
Batting: RHB Bob Howard 0-0: Ball
1-0: Called Strike
1-1: Ball
2-1: Ground out 5-3 (Groundball, 5)
Bottom of the 1st over - 2 run(s), 3 hit(s), 1 error(s), 0 left on base; Madawaska Valley HS 1 - Fresno HS 2
TOP OF THE 2ND
Madawaska Valley HS Wolves batting - Pitching for Fresno HS Red Wings : LHP José Schneider
Batting: SHB Gordon Beatty 0-0: Ball
1-0: Ball
2-0: Ball
3-0: Called Strike
3-1: Base on Balls
Batting: RHB Brandon Little 0-0: Foul Ball, location: 2F
0-1: Swinging Strike
0-2: Foul Ball, location: 2F
0-2: Foul Ball, location: 2F
0-2: Fly out, F4 (Flyball, 34D)
Batting: RHB David Simmons 0-0: DOUBLE (Groundball, 5L)
Gordon Beatty to third
Batting: RHB Bob Colbert 0-0: Ball
1-0: Called Strike
1-1: Ball
2-1: Called Strike
2-2: Strikes out swinging
Batting: SHB Jason Dundee 0-0: Swinging Strike
0-1: SINGLE (Flyball, 78M)
Gordon Beatty scores
David Simmons to third
Runner from 3rd tries for Home, SAFE, no throw
Batting: LHB Carl Childs 0-0: Called Strike
0-1: Ball
Jason Dundee steals 2nd base
1-1: Ball
2-1: Ball
3-1: Called Strike
3-2: Base on Balls
Batting: LHB Ricardo Carrillo 0-0: Swinging Strike
0-1: Foul Ball, location: 2F
0-2: Foul Ball, location: 2F
0-2: Foul Ball, location: 2F
0-2: Strikes out looking
Top of the 2nd over - 2 run(s), 2 hit(s), 0 error(s), 2 left on base; Madawaska Valley HS 3 - Fresno HS 2
BOTTOM OF THE 2ND
Fresno HS Red Wings batting - Pitching for Madawaska Valley HS Wolves : RHP Jeff Pollard
Batting: RHB Luis Mata 0-0: Called Strike
0-1: Ball
1-1: Ball
2-1: Called Strike
2-2: Foul Ball, location: 2F
2-2: Ball
3-2: Base on Balls
Batting: RHB Tom Land 0-0: Ball
1-0: Called Strike
1-1: Grounds into double play, 6-4-3 (Groundball, 6)
Batting: RHB Harvey Willis 0-0: Ball
1-0: Ball
2-0: SINGLE (Line Drive, 78S)
Batting: RHB Drew Rice 0-0: Called Strike
0-1: Fly out, F8 (Flyball, 8RM)
Bottom of the 2nd over - 0 run(s), 1 hit(s), 0 error(s), 1 left on base; Madawaska Valley HS 3 - Fresno HS 2
TOP OF THE 3RD
Madawaska Valley HS Wolves batting - Pitching for Fresno HS Red Wings : LHP José Schneider
Batting: LHB Marvin Martin 0-0: Foul Ball, location: 2F
0-1: Called Strike
0-2: Ball
1-2: Ball
2-2: Ball
3-2: Strikes out swinging
Batting: RHB Alberto Flores 0-0: Called Strike
0-1: SINGLE (Line Drive, 34D)
Batting: SHB Gordon Beatty 0-0: Called Strike
0-1: Called Strike
0-2: Ball
1-2: Ball
2-2: Ball
3-2: Foul Ball, location: 2F
3-2: 2-RUN HOME RUN (Flyball, 7D), Distance : 349 ft
Batting: RHB Brandon Little 0-0: Foul Ball, location: 2F
0-1: Ball
1-1: Ball
2-1: Called Strike
2-2: Ball
3-2: SINGLE (Groundball, 6) (infield hit)
Batting: RHB David Simmons 0-0: Fly out, F9 (Flyball, 9LMF)
Batting: RHB Bob Colbert 0-0: Fly out, F7 (Flyball, 7LSF)
Top of the 3rd over - 2 run(s), 3 hit(s), 0 error(s), 1 left on base; Madawaska Valley HS 5 - Fresno HS 2
BOTTOM OF THE 3RD
Fresno HS Red Wings batting - Pitching for Madawaska Valley HS Wolves : RHP Jeff Pollard
Batting: RHB Adrián Velásquez 0-0: Ball
1-0: Called Strike
1-1: Swinging Strike
1-2: Foul Ball, location: 2F
1-2: Ball
2-2: Strikes out swinging
Batting: RHB Harry Payne 0-0: Called Strike
0-1: Called Strike
0-2: Ball
1-2: Ball
2-2: SOLO HOME RUN (Flyball, 7D), Distance : 337 ft
Batting: RHB Thomas English 0-0: Ball
1-0: Ball
2-0: Called Strike
2-1: Swinging Strike
2-2: Foul Ball, location: 2F
2-2: Ball
3-2: Foul Ball, location: 2F
3-2: Foul Ball, location: 2F
3-2: Foul Ball, location: 2F
3-2: Foul Ball, location: 2F
3-2: Foul Ball, location: 2F
3-2: Base on Balls
Batting: SHB Xavier Stout 0-0: Called Strike
0-1: SINGLE (Line Drive, 7S)
Thomas English to second
Batting: RHB Bob Howard 0-0: Called Strike
0-1: Ball
1-1: Ball
2-1: Foul Ball, location: 2F
2-2: Fly out, F8 (Flyball, 8LS)
Batting: RHB Luis Mata 0-0: Called Strike
0-1: Foul Ball, location: 2F
0-2: Ball
1-2: Ball
Wild Pitch!
Thomas English to third
Xavier Stout to second
2-2: Strikes out swinging
Bottom of the 3rd over - 1 run(s), 2 hit(s), 0 error(s), 2 left on base; Madawaska Valley HS 5 - Fresno HS 3
TOP OF THE 4TH
Madawaska Valley HS Wolves batting - Pitching for Fresno HS Red Wings : LHP José Schneider
Batting: SHB Jason Dundee 0-0: Ball
1-0: Ball
2-0: Ball
3-0: Base on Balls
Batting: LHB Carl Childs 0-0: Called Strike
0-1: SINGLE (Groundball, 56D)
Jason Dundee to second
Batting: LHB Ricardo Carrillo 0-0: Called Strike
0-1: Ball
1-1: Foul Ball, location: 2F
1-2: Foul Ball, location: 2F
1-2: Ball
2-2: Foul Ball, location: 2F
2-2: Ball
3-2: Fly out, F8 (Flyball, 8RM)
Pitching: LHP Curt Nichols
Batting: LHB Marvin Martin 0-0: Swinging Strike
0-1: Ball
1-1: Ball
2-1: Ball
3-1: Called Strike
3-2: Foul Ball, location: 2F
3-2: Foul Ball, location: 2F
3-2: Foul Ball, location: 2F
3-2: Strikes out swinging
Batting: RHB Alberto Flores 0-0: Ground out 3-1 (Groundball, 34S)
Top of the 4th over - 0 run(s), 1 hit(s), 0 error(s), 2 left on base; Madawaska Valley HS 5 - Fresno HS 3
BOTTOM OF THE 4TH
Fresno HS Red Wings batting - Pitching for Madawaska Valley HS Wolves : RHP Jeff Pollard
Batting: RHB Tom Land 0-0: Called Strike
0-1: Ball
1-1: Foul Ball, location: 2F
1-2: Foul Ball, location: 2F
1-2: Ball
2-2: Ball
3-2: Ground out 5-3 (Groundball, 5)
Pitching: RHP Kevin Lester
Batting: RHB Harvey Willis 0-0: Ball
1-0: Foul Ball, location: 2F
1-1: Ball
2-1: Fly out, F6 (Line Drive, 6)
Batting: RHB Drew Rice 0-0: Ball
1-0: Ball
2-0: Ball
3-0: Base on Balls
Batting: RHB Adrián Velásquez 0-0: Ball
1-0: Ball
2-0: Foul Ball, location: 2F
2-1: Foul Ball, location: 2F
2-2: Strikes out swinging
Bottom of the 4th over - 0 run(s), 0 hit(s), 0 error(s), 1 left on base; Madawaska Valley HS 5 - Fresno HS 3
TOP OF THE 5TH
Madawaska Valley HS Wolves batting - Pitching for Fresno HS Red Wings : LHP Curt Nichols
Batting: SHB Gordon Beatty 0-0: Ball
1-0: Ball
2-0: Ball
3-0: Called Strike
3-1: Foul Ball, location: 2F
3-2: Strikes out swinging
Batting: RHB Brandon Little 0-0: Called Strike
0-1: Called Strike
0-2: Strikes out swinging
Batting: RHB David Simmons 0-0: Ball
1-0: Reached on error, E5 (Groundball, 56S)
Batting: RHB Bob Colbert 0-0: Ball
1-0: Ball
2-0: Called Strike
2-1: Foul Ball, location: 2F
2-2: Fly out, F8 (Flyball, 89S)
Top of the 5th over - 0 run(s), 0 hit(s), 1 error(s), 1 left on base; Madawaska Valley HS 5 - Fresno HS 3
BOTTOM OF THE 5TH
Fresno HS Red Wings batting - Pitching for Madawaska Valley HS Wolves : RHP Kevin Lester
Batting: RHB Harry Payne 0-0: Fly out, F7 (Flyball, 78S)
Batting: RHB Thomas English 0-0: Called Strike
0-1: Ball
1-1: Ball
2-1: Fly out, F6 (Popup, 56D)
Batting: SHB Xavier Stout 0-0: Ball
1-0: Ball
2-0: Fly out, F3 (Line Drive, 34)
Bottom of the 5th over - 0 run(s), 0 hit(s), 0 error(s), 0 left on base; Madawaska Valley HS 5 - Fresno HS 3
TOP OF THE 6TH
Madawaska Valley HS Wolves batting - Pitching for Fresno HS Red Wings : LHP Curt Nichols
Batting: SHB Jason Dundee 0-0: Ball
1-0: Ball
2-0: Ball
3-0: Base on Balls
Batting: LHB Carl Childs 0-0: Ball
1-0: Foul Ball, location: 2F
1-1: Ground out U3 (Groundball, 34S)
Jason Dundee to second
Batting: LHB Ricardo Carrillo 0-0: Ball
Passed Ball!
Jason Dundee to third
1-0: Fly out, F7 (Flyball, 7)
Runner from 3rd tags up, SCORES, throw made
Batting: LHB Marvin Martin 0-0: Called Strike
0-1: Ball
1-1: Ball
2-1: Ball
3-1: Called Strike
3-2: Foul Ball, location: 2F
3-2: Base on Balls
Batting: RHB Alberto Flores 0-0: Foul Ball, location: 2F
0-1: Fly out, F8 (Flyball, 8RM)
Top of the 6th over - 1 run(s), 0 hit(s), 0 error(s), 1 left on base; Madawaska Valley HS 6 - Fresno HS 3
BOTTOM OF THE 6TH
Fresno HS Red Wings batting - Pitching for Madawaska Valley HS Wolves : RHP Kevin Lester
Batting: RHB Bob Howard 0-0: Ball
1-0: Called Strike
1-1: Called Strike
1-2: Ball
2-2: SOLO HOME RUN (Flyball, 78XD), Distance : 367 ft
Batting: RHB Luis Mata 0-0: Ball
1-0: Swinging Strike
1-1: Foul Ball, location: 2F
1-2: Ball
2-2: Ball
3-2: Fly out, F5 (Popup, 5L)
Batting: RHB Tom Land 0-0: Ground out 4-3 (Groundball, 4)
Batting: RHB Harvey Willis 0-0: Foul Ball, location: 2F
0-1: Foul Ball, location: 2F
0-2: Ball
1-2: Reached on error, E6 (Groundball, 6)
Batting: RHB Drew Rice 0-0: Ball
1-0: Foul Ball, location: 2F
1-1: Foul Ball, location: 2F
1-2: Strikes out swinging
Bottom of the 6th over - 1 run(s), 1 hit(s), 1 error(s), 1 left on base; Madawaska Valley HS 6 - Fresno HS 4
TOP OF THE 7TH
Madawaska Valley HS Wolves batting - Pitching for Fresno HS Red Wings : LHP Curt Nichols
Batting: SHB Gordon Beatty 0-0: Called Strike
0-1: Ball
1-1: Ball
2-1: Swinging Strike
2-2: Strikes out looking
Batting: RHB Brandon Little 0-0: Ball
1-0: Ball
2-0: Ball
3-0: Called Strike
3-1: SINGLE (Groundball, 6MD)
Batting: RHB David Simmons 0-0: Ball
1-0: Ball
2-0: Reached on error, E6 (Groundball, 6)
Brandon Little to second
Pitching: RHP Fernando Vázquez
Batting: RHB Bob Colbert 0-0: Ball
1-0: Called Strike
1-1: Called Strike
1-2: Foul Ball, location: 2F
1-2: Foul Ball, location: 2F
1-2: Foul Ball, location: 2F
1-2: Ball
2-2: Ball
3-2: Strikes out swinging
Batting: SHB Jason Dundee 0-0: Foul Ball, location: 2F
0-1: Swinging Strike
0-2: Ball
1-2: Strikes out swinging
Top of the 7th over - 0 run(s), 1 hit(s), 1 error(s), 2 left on base; Madawaska Valley HS 6 - Fresno HS 4
BOTTOM OF THE 7TH
Fresno HS Red Wings batting - Pitching for Madawaska Valley HS Wolves : RHP Kevin Lester
Batting: RHB Adrián Velásquez 0-0: Ball
1-0: Ball
2-0: SINGLE (Line Drive, 6MD)
Batting: RHB Harry Payne 0-0: Ball
Adrián Velásquez steals 2nd base
1-0: Foul Ball, location: 2F
1-1: Ball
2-1: Ball
3-1: Base on Balls
Batting: RHB Thomas English 0-0: Called Strike
0-1: Fly out, F9 (Flyball, 9LMF)
Runner from 2nd tags up, OUT at 3rd
Pitching: LHP Arthur Warren
Batting: SHB Xavier Stout 0-0: Called Strike
0-1: Foul Ball, location: 2F
0-2: Foul Ball, location: 2F
0-2: Foul Ball, location: 2F
0-2: Ball
1-2: Strikes out looking
Bottom of the 7th over - 0 run(s), 1 hit(s), 0 error(s), 1 left on base; Madawaska Valley HS 6 - Fresno HS 4
TOP OF THE 8TH
Madawaska Valley HS Wolves batting - Pitching for Fresno HS Red Wings : RHP Fernando Vázquez
Batting: LHB Carl Childs 0-0: Called Strike
0-1: Ball
1-1: Ball
2-1: Swinging Strike
2-2: Strikes out looking
Batting: LHB Ricardo Carrillo 0-0: Called Strike
0-1: Swinging Strike
0-2: Ground out U3 (Groundball, 34S)
Batting: LHB Marvin Martin 0-0: Fly out, F8 (Flyball, 8LM)
Top of the 8th over - 0 run(s), 0 hit(s), 0 error(s), 0 left on base; Madawaska Valley HS 6 - Fresno HS 4
BOTTOM OF THE 8TH
Fresno HS Red Wings batting - Pitching for Madawaska Valley HS Wolves : LHP Arthur Warren
Batting: RHB Bob Howard 0-0: Foul Ball, location: 2F
0-1: DOUBLE (Groundball, 5L)
Pitching: RHP Ray Travis
Batting: RHB Luis Mata 0-0: Fly out, F8 (Flyball, 89M)
Batting: RHB Tom Land 0-0: Called Strike
0-1: Ball
1-1: SINGLE (Groundball, 4MD)
Bob Howard to third
Batting: RHB Harvey Willis 0-0: Called Strike
0-1: Swinging Strike
0-2: SINGLE (Groundball, 56D)
Bob Howard scores
Tom Land to second
Batting: RHB Drew Rice 0-0: Called Strike
0-1: SINGLE (Groundball, 4D)
Tom Land to third
Harvey Willis to second
Runner from 3rd tries for Home, SAFE, throw made home
Batting: RHB Adrián Velásquez 0-0: Called Strike
0-1: Ball
1-1: Ball
2-1: Ball
3-1: Base on Balls
Harvey Willis to third
Drew Rice to second
Batting: RHB Harry Payne 0-0: Called Strike
0-1: Ball
1-1: Foul Ball, location: 2F
1-2: Ball
2-2: Ball
3-2: Foul Ball, location: 2F
3-2: Fly out, F3 (Popup, 3S)
Batting: RHB Thomas English 0-0: Ball
Wild Pitch!
Harvey Willis scores
Drew Rice to third
Adrián Velásquez to second
1-0: Ball
2-0: Ball
3-0: Foul Ball, location: 2F
3-1: Base on Balls
Batting: SHB Xavier Stout 0-0: Ball
1-0: Ball
2-0: Ball
3-0: Base on Balls
Drew Rice scores
Adrián Velásquez to third
Thomas English to second
Pitching: RHP Peyton Lill
Batting: RHB Bob Howard 0-0: Called Strike
0-1: Ball
1-1: Ball
2-1: Ball
3-1: Base on Balls
Adrián Velásquez scores
Thomas English to third
Xavier Stout to second
Batting: RHB Luis Mata 0-0: Foul Ball, location: 2F
0-1: Ball
1-1: Foul Ball, location: 2F
1-2: Fly out, F8 (Flyball, 8RS)
Bottom of the 8th over - 5 run(s), 4 hit(s), 0 error(s), 3 left on base; Madawaska Valley HS 6 - Fresno HS 9
TOP OF THE 9TH
Madawaska Valley HS Wolves batting - Pitching for Fresno HS Red Wings : RHP Fernando Vázquez
Pitching: LHP Bob Novak
Batting: RHB Alberto Flores 0-0: Ball
1-0: Foul Ball, location: 2F
1-1: Foul Ball, location: 2F
1-2: Fly out, F6 (Line Drive, 6)
Batting: SHB Gordon Beatty 0-0: Ground out 4-3 (Groundball, 4)
Batting: RHB Brandon Little 0-0: Swinging Strike
0-1: Swinging Strike
0-2: Strikes out swinging
Top of the 9th over - 0 run(s), 0 hit(s), 0 error(s), 0 left on base; Madawaska Valley HS 6 - Fresno HS 9
Tuesday, August 8th, 2017 - OOTP Baseball 17.12 Build 75